AoeStats
← Ken

Oasis

507975960Analyzed
4v4 RM · 12d ago on Sep 20, 2026· 11m 31s· 8 players
Game mode
Random Map
Map size
Large (8 player)
Population
200
Speed
Normal
Resources
Standard
Victory
Conquest
Starting age
Dark Age
Ending age
Imperial Age
RankedLock teamsTeams togetherTeam positionsShared explorationLock speedFull tech treeHidden civsTurbo modeCheats
Victory
Defeat
🇭🇰 Bohemians · Hong Kong SAR China
1102
+13
🇨🇳 Franks · China
1056
+15
🇭🇰 Italians · Hong Kong SAR China
1026
+16
🇹🇷 Vikings · Türkiye
1016
+17
🇨🇳 Sicilians · China
1157
-20
🇨🇳 Franks · China
1034
-15
🇨🇳 Ethiopians · China
1031
-15
918
-11
22155426
老朱
0:29 Loom
洗白灰
别打脸 我是小帅
香江七百萬大才子
2:37 Loom
10:51 Feudal Age
idle villager
11:04 Feudal Age
Ken
0:34 Loom
0:38 Loom
13:18 Feudal Age
Elizabeth^^
4:27 Loom
Connection lost

Rejoining the realm…

Still unreachable

The connection could not be restored.

Session expired

The server has moved on; the page needs a fresh start.